TOP OF THE 1ST |
Durham Bulls batting - Pitching for Fresno Grizzlies : RHP Michael Bruce
|
Pitching: RHP Michael Bruce
|
|
Batting: RHB Jonathan Fraire
|
0-0: Ball 1-0: Ground out 1-3 (Groundball, 15S, EV 61.9 MPH)
|
Batting: SHB Lou Kroneman
|
0-0: Called Strike 0-1: Ball 1-1: Swinging Strike 1-2: SOLO HOME RUN (Flyball, 7LD, EV 90.6 MPH), Distance : 334 ft
|
Batting: LHB Davion Lewis
|
0-0: SINGLE (Line Drive, 7S, EV 93.1 MPH)
|
Batting: RHB David Ward
|
0-0: Ball 1-0: Foul Ball, location: 2F 1-1: Ball 2-1: Foul Ball, location: 2F 2-2: 2-RUN HOME RUN (Flyball, 7D, EV 95.6 MPH), Distance : 374 ft
|
Batting: RHB Kevin Benfield
|
0-0: Called Strike 0-1: Ball 1-1: Called Strike 1-2: Fly out, F5 (Line Drive, 5L, EV 72.5 MPH)
|
Batting: RHB Sesto Carpini
|
0-0: Ball 1-0: Ground out 4-3 (Groundball, 4, EV 104.4 MPH)
|
Top of the 1st over - 3 runs, 3 hits, 0 errors, 0 left on base; Durham 3 - Fresno 0 |
BOTTOM OF THE 1ST |
Fresno Grizzlies batting - Pitching for Durham Bulls : RHP Jose Robles
|
Pitching: RHP Jose Robles
|
|
Batting: RHB Xavier Castaneda
|
0-0: Ball 1-0: Foul Ball, location: 2F 1-1: Swinging Strike 1-2: Strikes out swinging
|
Batting: LHB Chris Cabrera
|
0-0: Ball 1-0: Ball 2-0: Hit by Pitch
|
Batting: LHB Angelo Vasquez
|
0-0: Called Strike 0-1: Fly out, F9 (Flyball, 9, EV 81.9 MPH)
|
Batting: SHB Paskar Adegoke
|
0-0: Ball 1-0: Swinging Strike 1-1: Foul Ball, location: 2F 1-2: Ball 2-2: Ball 3-2: Base on Balls Chris Cabrera to second
|
Batting: RHB Mark Marks
|
0-0: Foul Ball, location: 2F 0-1: Ball 1-1: Ground out 5-3 (Groundball, 56S, EV 87.5 MPH)
|
Bottom of the 1st over - 0 runs, 0 hits, 0 errors, 2 left on base; Durham 3 - Fresno 0 |
TOP OF THE 2ND |
Durham Bulls batting - Pitching for Fresno Grizzlies : RHP Michael Bruce
|
Batting: RHB Jose Arriola
|
0-0: Ball 1-0: Ball 2-0: Ball 3-0: SINGLE (Groundball, 6M, EV 106.9 MPH) (infield hit)
|
Batting: RHB Freddy Mullen
|
0-0: Called Strike 0-1: Ball 1-1: Foul Ball, location: 2F 1-2: Foul Ball, location: 2F 1-2: Ball 2-2: Ball Pickoff Throw by Catcher to First - Error! E2 Jose Arriola to second 3-2: 2-RUN HOME RUN (Flyball, 78XD, EV 96.9 MPH), Distance : 389 ft
|
Batting: RHB Antonio Pacheco
|
0-0: Swinging Strike 0-1: Foul Ball, location: 2F 0-2: Foul Ball, location: 2F 0-2: Ball 1-2: Foul Ball, location: 2F 1-2: Ball 2-2: Foul Ball, location: 2F 2-2: Foul Ball, location: 2F 2-2: Strikes out looking
|
Batting: RHB Jonathan Fraire
|
0-0: Foul Ball, location: 2F 0-1: Foul Ball, location: 2F 0-2: Strikes out swinging
|
Batting: SHB Lou Kroneman
|
0-0: Foul Ball, location: 2F 0-1: SINGLE (Groundball, 6MD, EV 105.6 MPH)
|
Batting: LHB Davion Lewis
|
0-0: Foul Ball, location: 2F 0-1: Ball 1-1: Swinging Strike 1-2: Strikes out swinging
|
Top of the 2nd over - 2 runs, 3 hits, 1 error, 1 left on base; Durham 5 - Fresno 0 |
BOTTOM OF THE 2ND |
Fresno Grizzlies batting - Pitching for Durham Bulls : RHP Jose Robles
|
Batting: LHB Mark Dearth
|
0-0: Ball 1-0: Fly out, F8 (Flyball, 8RD, EV 82.5 MPH)
|
Batting: RHB Bruce Bermudez
|
0-0: Ball 1-0: Foul Ball, location: 2F 1-1: Ball 2-1: Ball 3-1: Base on Balls
|
Batting: RHB Nick Deegan
|
0-0: Ball Bruce Bermudez is caught stealing 2nd base 2-4 1-0: Ball 2-0: Called Strike 2-1: Swinging Strike 2-2: Ball 3-2: Strikes out swinging
|
Bottom of the 2nd over - 0 runs, 0 hits, 0 errors, 0 left on base; Durham 5 - Fresno 0 |
TOP OF THE 3RD |
Durham Bulls batting - Pitching for Fresno Grizzlies : RHP Michael Bruce
|
Batting: RHB David Ward
|
0-0: Called Strike 0-1: Ball 1-1: Foul Ball, location: 2F 1-2: Strikes out looking
|
Batting: RHB Kevin Benfield
|
0-0: Ball 1-0: Foul Ball, location: 2F 1-1: Foul Ball, location: 2F 1-2: Foul Ball, location: 2F 1-2: Fly out, F9 (Flyball, 9LMF, EV 78.8 MPH)
|
Pitching: RHP Alex Salinas
|
|
Batting: RHB Sesto Carpini
|
0-0: Ball 1-0: Ball 2-0: Called Strike 2-1: Ball 3-1: Called Strike 3-2: Strikes out looking
|
Top of the 3rd over - 0 runs, 0 hits, 0 errors, 0 left on base; Durham 5 - Fresno 0 |
BOTTOM OF THE 3RD |
Fresno Grizzlies batting - Pitching for Durham Bulls : RHP Jose Robles
|
Batting: LHB Kelvin Jones
|
0-0: Foul Ball, location: 2F 0-1: Ball 1-1: Called Strike 1-2: Foul Ball, location: 2F 1-2: Ball 2-2: Ball 3-2: Foul Ball, location: 2F 3-2: Strikes out swinging
|
Batting: RHB Xavier Castaneda
|
0-0: Ball 1-0: Called Strike 1-1: Called Strike 1-2: Strikes out swinging
|
Batting: LHB Chris Cabrera
|
0-0: Foul Ball, location: 2F 0-1: Ball 1-1: SINGLE (Groundball, 4D, EV 98.1 MPH)
|
Batting: LHB Angelo Vasquez
|
0-0: Ball 1-0: Called Strike 1-1: Called Strike 1-2: Ball 2-2: Strikes out swinging, 2-3 out at first.
|
Bottom of the 3rd over - 0 runs, 1 hit, 0 errors, 1 left on base; Durham 5 - Fresno 0 |
TOP OF THE 4TH |
Durham Bulls batting - Pitching for Fresno Grizzlies : RHP Alex Salinas
|
Batting: RHB Jose Arriola
|
0-0: Foul Ball, location: 2F 0-1: Ball 1-1: Ground out 6-3 (Groundball, 6, EV 85.6 MPH)
|
Batting: RHB Freddy Mullen
|
0-0: Ground out 5-3 (Groundball, 56, EV 105.0 MPH)
|
Batting: RHB Antonio Pacheco
|
0-0: Ball 1-0: Called Strike 1-1: Called Strike 1-2: Strikes out swinging
|
Top of the 4th over - 0 runs, 0 hits, 0 errors, 0 left on base; Durham 5 - Fresno 0 |
BOTTOM OF THE 4TH |
Fresno Grizzlies batting - Pitching for Durham Bulls : RHP Jose Robles
|
Batting: SHB Paskar Adegoke
|
0-0: Swinging Strike 0-1: Ball 1-1: Foul Ball, location: 2F 1-2: Ball 2-2: Ball 3-2: Foul Ball, location: 2F 3-2: Foul Ball, location: 2F 3-2: Strikes out swinging
|
Batting: RHB Mark Marks
|
0-0: Ball 1-0: Foul Ball, location: 2F 1-1: Ball 2-1: Foul Ball, location: 2F 2-2: Ball 3-2: Ground out 6-3 (Groundball, 6, EV 101.9 MPH)
|
Batting: LHB Mark Dearth
|
0-0: Ball 1-0: Ball 2-0: Ball 3-0: Called Strike 3-1: Called Strike 3-2: Foul Ball, location: 2F 3-2: Foul Ball, location: 2F 3-2: Strikes out looking
|
Bottom of the 4th over - 0 runs, 0 hits, 0 errors, 0 left on base; Durham 5 - Fresno 0 |
TOP OF THE 5TH |
Durham Bulls batting - Pitching for Fresno Grizzlies : RHP Alex Salinas
|
Batting: RHB Jonathan Fraire
|
0-0: Ground out 6-3 (Groundball, 6, EV 108.1 MPH)
|
Batting: SHB Lou Kroneman
|
0-0: Called Strike 0-1: SINGLE (Line Drive, 5D, EV 100.6 MPH)
|
Batting: LHB Davion Lewis
|
0-0: Ball 1-0: Ball 2-0: Called Strike 2-1: Ball 3-1: Foul Ball, location: 2F 3-2: Base on Balls Lou Kroneman to second
|
Batting: RHB David Ward
|
0-0: Called Strike 0-1: Ball 1-1: Ball 2-1: Foul Ball, location: 2F 2-2: Ball 3-2: Base on Balls Lou Kroneman to third Davion Lewis to second
|
Batting: RHB Kevin Benfield
|
0-0: Foul Ball, location: 2F 0-1: Foul Ball, location: 2F 0-2: Foul Ball, location: 2F 0-2: Ball 1-2: Strikes out swinging
|
Batting: RHB Sesto Carpini
|
0-0: Foul Ball, location: 2F 0-1: Called Strike 0-2: Strikes out looking
|
Top of the 5th over - 0 runs, 1 hit, 0 errors, 3 left on base; Durham 5 - Fresno 0 |
BOTTOM OF THE 5TH |
Fresno Grizzlies batting - Pitching for Durham Bulls : RHP Jose Robles
|
Batting: RHB Bruce Bermudez
|
0-0: Ball 1-0: Called Strike 1-1: Foul Ball, location: 2F 1-2: Ball 2-2: Strikes out looking
|
Batting: RHB Nick Deegan
|
0-0: Called Strike 0-1: Ball 1-1: Swinging Strike 1-2: Foul Ball, location: 2F 1-2: Strikes out looking
|
Batting: LHB Kelvin Jones
|
0-0: Foul Ball, location: 2F 0-1: Hit by Pitch
|
Batting: RHB Xavier Castaneda
|
0-0: Called Strike 0-1: SINGLE (Groundball, 34D, EV 101.2 MPH) Kelvin Jones to second Runner from 2nd tries for 3rd, SAFE, throw by RF made to third
|
Batting: LHB Chris Cabrera
|
0-0: Ball Xavier Castaneda steals 2nd base 1-0: Foul Ball, location: 2F 1-1: Swinging Strike 1-2: Ball 2-2: Ball 3-2: Base on Balls
|
Batting: LHB Angelo Vasquez
|
0-0: Foul Ball, location: 2F 0-1: Ball 1-1: Fly out, F9 (Flyball, 9LM, EV 90.6 MPH)
|
Bottom of the 5th over - 0 runs, 1 hit, 0 errors, 3 left on base; Durham 5 - Fresno 0 |
TOP OF THE 6TH |
Durham Bulls batting - Pitching for Fresno Grizzlies : RHP Alex Salinas
|
Batting: RHB Jose Arriola
|
0-0: Called Strike 0-1: Ball 1-1: Foul Ball, location: 2F 1-2: Foul Ball, location: 2F 1-2: Fly out, F8 (Flyball, 8RS, EV 81.9 MPH)
|
Batting: RHB Freddy Mullen
|
0-0: Ball 1-0: Fly out, F9 (Flyball, 89M, EV 83.1 MPH)
|
Batting: RHB Antonio Pacheco
|
0-0: Ball 1-0: Called Strike 1-1: Ground out 6-3 (Groundball, 6S, EV 84.4 MPH)
|
Top of the 6th over - 0 runs, 0 hits, 0 errors, 0 left on base; Durham 5 - Fresno 0 |
BOTTOM OF THE 6TH |
Fresno Grizzlies batting - Pitching for Durham Bulls : RHP Jose Robles
|
Batting: SHB Paskar Adegoke
|
0-0: Ball 1-0: Called Strike 1-1: Foul Ball, location: 2F 1-2: Ball 2-2: Ball 3-2: Foul Ball, location: 2F 3-2: Foul Ball, location: 2F 3-2: Base on Balls
|
Batting: RHB Mark Marks
|
0-0: Ball 1-0: Called Strike 1-1: Called Strike 1-2: Strikes out swinging
|
Pitching: RHP Luis Cubero
|
|
Batting: LHB Mark Dearth
|
0-0: Called Strike 0-1: Ground out 4-3 (Groundball, 4, EV 103.8 MPH) Paskar Adegoke to second
|
Batting: RHB Bruce Bermudez
|
0-0: Fly out, F9 (Flyball, 9D, EV 100.6 MPH)
|
Bottom of the 6th over - 0 runs, 0 hits, 0 errors, 1 left on base; Durham 5 - Fresno 0 |
TOP OF THE 7TH |
Durham Bulls batting - Pitching for Fresno Grizzlies : RHP Alex Salinas
|
Batting: RHB Jonathan Fraire
|
0-0: Ball 1-0: Foul Ball, location: 2F 1-1: Foul Ball, location: 2F 1-2: Ball 2-2: Fly out, F7 (Flyball, 7, EV 80.6 MPH)
|
Batting: SHB Lou Kroneman
|
0-0: Ball 1-0: Ball 2-0: Ball 3-0: Called Strike 3-1: Foul Ball, location: 2F 3-2: Fly out, F3 (Popup, 3SF, EV 71.9 MPH)
|
Batting: LHB Davion Lewis
|
0-0: Fly out, F8 (Flyball, 8RD, EV 88.1 MPH)
|
Top of the 7th over - 0 runs, 0 hits, 0 errors, 0 left on base; Durham 5 - Fresno 0 |
BOTTOM OF THE 7TH |
Fresno Grizzlies batting - Pitching for Durham Bulls : RHP Luis Cubero
|
Batting: RHB Nick Deegan
|
0-0: Ball 1-0: Swinging Strike 1-1: Ball 2-1: Fly out, F3 (Popup, 3SF, EV 80.0 MPH)
|
Batting: LHB Kelvin Jones
|
0-0: Ball 1-0: Ground out 5-3 (Groundball, 5, EV 83.8 MPH)
|
Batting: RHB Xavier Castaneda
|
0-0: Called Strike 0-1: Ground out 5-3 (Groundball, 56, EV 85.6 MPH)
|
Bottom of the 7th over - 0 runs, 0 hits, 0 errors, 0 left on base; Durham 5 - Fresno 0 |
TOP OF THE 8TH |
Durham Bulls batting - Pitching for Fresno Grizzlies : RHP Alex Salinas
|
Batting: RHB David Ward
|
0-0: Called Strike 0-1: DOUBLE (Line Drive, 9LM, EV 100.0 MPH)
|
Pitching: RHP Willie Jimenez
|
|
Batting: RHB Kevin Benfield
|
0-0: Ball 1-0: Fly out, F6 (Popup, 6M, EV 50.0 MPH)
|
Batting: RHB Sesto Carpini
|
0-0: Called Strike 0-1: Foul Ball, location: 2F 0-2: Ball 1-2: Foul Ball, location: 2F 1-2: SINGLE (Groundball, 4D, EV 101.9 MPH) David Ward to third
|
Batting: RHB Jose Arriola
|
0-0: Ball 1-0: Ball Sesto Carpini steals 2nd base (no throw) 2-0: Fly out, F8 (Flyball, 8LXD, EV 95.0 MPH) Runner from 3rd tags up, SCORES, no throw by CF Sesto Carpini to third
|
Batting: RHB Freddy Mullen
|
0-0: Called Strike 0-1: Ball 1-1: SINGLE (Groundball, 4MD, EV 97.5 MPH) Sesto Carpini scores
|
Batting: RHB Antonio Pacheco
|
0-0: Called Strike 0-1: Foul Ball, location: 2F 0-2: Foul Ball, location: 2F 0-2: Ball 1-2: Fly out, F9 (Line Drive, 9, EV 89.4 MPH)
|
Top of the 8th over - 2 runs, 3 hits, 0 errors, 1 left on base; Durham 7 - Fresno 0 |
BOTTOM OF THE 8TH |
Fresno Grizzlies batting - Pitching for Durham Bulls : RHP Luis Cubero
|
Batting: LHB Chris Cabrera
|
0-0: Ball 1-0: Ball 2-0: Called Strike 2-1: Foul Ball, location: 2F 2-2: Foul Ball, location: 2F 2-2: Ground out 6-3 (Groundball, 6, EV 83.1 MPH)
|
Batting: LHB Angelo Vasquez
|
0-0: Ball 1-0: Called Strike 1-1: Called Strike 1-2: Strikes out swinging
|
Batting: SHB Paskar Adegoke
|
0-0: Fly out, F9 (Flyball, 89D, EV 82.5 MPH)
|
Bottom of the 8th over - 0 runs, 0 hits, 0 errors, 0 left on base; Durham 7 - Fresno 0 |
TOP OF THE 9TH |
Durham Bulls batting - Pitching for Fresno Grizzlies : RHP Willie Jimenez
|
Batting: RHB Jonathan Fraire
|
0-0: Ball 1-0: Called Strike 1-1: Ball 2-1: Foul Ball, location: 2F 2-2: Ball 3-2: Foul Ball, location: 2F 3-2: Foul Ball, location: 2F 3-2: SINGLE (Line Drive, 8LS, EV 112.5 MPH)
|
Pinch Hitting: RHB John Downing
|
0-0: 2-RUN HOME RUN (Flyball, 78XD, EV 106.9 MPH), Distance : 419 ft
|
Batting: LHB Davion Lewis
|
0-0: Ball 1-0: Called Strike 1-1: Ground out 4-3 (Groundball, 4, EV 82.5 MPH)
|
Batting: RHB David Ward
|
0-0: Ball 1-0: Ball 2-0: Ball 3-0: Base on Balls
|
Batting: RHB Kevin Benfield
|
0-0: Foul Ball, location: 2F 0-1: Foul Ball, location: 2F 0-2: Ball 1-2: Ball 2-2: Ball 3-2: Strikes out swinging
|
Batting: RHB Sesto Carpini
|
0-0: Called Strike 0-1: Ground out 4-3 (Groundball, 4, EV 90.6 MPH)
|
Top of the 9th over - 2 runs, 2 hits, 0 errors, 1 left on base; Durham 9 - Fresno 0 |
BOTTOM OF THE 9TH |
Fresno Grizzlies batting - Pitching for Durham Bulls : RHP Luis Cubero
|
Now at 3B: Sesto Carpini
|
|
Now at SS: John Downing
|
|
Batting: RHB Mark Marks
|
0-0: Ball 1-0: Foul Ball, location: 2F 1-1: Swinging Strike 1-2: Foul Ball, location: 2F 1-2: Strikes out looking
|
Batting: LHB Mark Dearth
|
0-0: Ball 1-0: Ball 2-0: Foul Ball, location: 2F 2-1: Foul Ball, location: 2F 2-2: Fly out, F8 (Flyball, 8LS, EV 88.8 MPH)
|
Batting: RHB Bruce Bermudez
|
0-0: Ball 1-0: Called Strike 1-1: Foul Ball, location: 2F 1-2: Ball 2-2: Fly out, F4 (Popup, 34S, EV 73.1 MPH)
|
Bottom of the 9th over - 0 runs, 0 hits, 0 errors, 0 left on base; Durham 9 - Fresno 0 |
|